 Dungeon Crawl Stone Soup version 0.25.1-9-gc5326a611f (webtiles) character file.

Game seed: 13601797094401735507

760 tkbsonic5 the Skirmisher (level 8, 0/62 HPs)
             Began as a Human Berserker on Nov 8, 2021.
             Was a Priest of Trog.
             Slain by a bullfrog (2 damage)
             ... on level 4 of the Dungeon.
             The game lasted 00:14:54 (3288 turns).

tkbsonic5 the Skirmisher (Human Berserker)          Turns: 3288, Time: 00:14:55

Health: 0/62       AC:  7    Str: 19    XL:     8   Next: 7%
Magic:  8/8        EV: 12    Int: 16    God:    Trog [***...]
Gold:   169        SH:  0    Dex: 14    Spells: 7/7 levels left

rFire    . . .     SeeInvis .   u - +0 morningstar
rCold    . . .     Gourm    .   (no shield)
rNeg     . . .     Faith    .   o - +0 ring mail
rPois    +         Spirit   .   t - +0 helmet "Wuko Yke" {Int+7}
rElec    .         Reflect  .   (no cloak)
rCorr    .         Harm     .   i - +0 pair of gloves
MR       +++..                  (no boots)
Stlth    +.........             e - amulet of regeneration
HPRegen  1.60/turn              f - ring of poison resistance
MPRegen  0.11/turn              g - ring of protection from magic

@: berserk cooldown, starving, regenerating, slowed, drained, very slow
A: clever 1, no potion heal 1
a: Berserk, Trog's Hand, Renounce Religion


You were on level 4 of the Dungeon.
You worshipped Trog.
Trog was most pleased with you.
You were starving.

You visited 1 branch of the dungeon, and saw 4 of its levels.

You collected 169 gold pieces.

Inventory:

Hand Weapons
 a - a +0 falchion
 r - a +1 vorpal falchion
 u - a +0 morningstar (weapon)
Missiles
 w - 3 poisoned darts (quivered)
Armour
 b - a +0 animal skin
 i - a +0 pair of gloves (worn)
 o - a +0 ring mail (worn)
 t - the +0 helmet "Wuko Yke" (worn) {Int+7}
   (You took it off Robin on level 4 of the Dungeon)

   It affects your intelligence (+7).
Jewellery
 e - an amulet of regeneration (around neck)
 f - a ring of poison resistance (left hand)
 g - a ring of protection from magic (right hand)
Wands
 h - a wand of acid (6)
 l - a wand of iceblast (7)
 n - a wand of flame (13)
 x - a wand of clouds (8)
Scrolls
 k - 3 scrolls of remove curse
Potions
 q - a potion of brilliance
 s - a potion of magic
Comestibles
 c - 6 rations
 d - 7 chunks of flesh


   Skills:
 * Level 5.2(4.4) Fighting
 - Level 4.2(3.4) Long Blades
 * Level 2.9(2.1) Maces & Flails
 * Level 2.5(1.7) Armour
 + Level 4.5(3.7) Dodging
 - Level 2.7(1.9) Stealth
 * Level 1.3(0.5) Evocations


You had 7 spell levels left.
You didn't know any spells.
Your spell library was empty.

Dungeon Overview and Level Annotations

Branches:
Dungeon (4/15)
 Temple: D:4-7

Altars:
Ashenzari
Gozag


Innate Abilities, Weirdness & Mutations

Your mind is acute. (Int +2)
Potions are less effective at restoring your health.


Message History

The bullfrog hits you but does no damage.
Okay, then.
Your skin crawls.
You feel resistant to hostile enchantments.
You are starving!
The bullfrog hits you but does no damage.
The bullfrog hits you.
* * * LOW HITPOINT WARNING * * *
The bullfrog barely misses you. The bullfrog hits you!
* * * LOW HITPOINT WARNING * * *
Aiming: Corrosive Bolt
Press: ? - help, Shift-Dir - straight line, f - bullfrog
Aim: a bullfrog (lightly wounded)
The bolt of acid hits the bullfrog!
The bullfrog is splashed with acid.
The bullfrog is almost dead.
The bullfrog hits you.
* * * LOW HITPOINT WARNING * * *
The bullfrog hits you.
You die...

##..........). #.............
#####.............
##.................
#..................
##.....#........... #
####...##............. #
##.#....##.##''F##..... #
#.......).##$.@.$###...
###.........#.$._.$.# ...
.##........##8..8$.8# .>
÷.#.........#∩...$.∩#
.##.....)÷)###.8∩8.## ...
#)..........######### ....
...............# #..## ...#.
.....#.....#...###...# ......
......##..####....O..####.....


You could see a bullfrog.

Vanquished Creatures
  The ghost of tsbored the Skirmisher, an amateur GnAK of Lugonu (D:4)
  2 ogres (D:4)
  A howler monkey (D:4)
  A hound (D:3)
  An orc priest (D:3)
  2 orc wizards (D:3)
  Ijyb (D:3)
  Robin (D:4)
  3 gnolls
  4 adders
  2 leopard geckos
  19 orcs
  2 ball pythons
  3 giant cockroaches
  16 goblins
  8 hobgoblins
  12 jackals
  8 kobolds
  2 quokkas (D:2)
  6 bats
  3 frilled lizards (D:1)
  5 rats
103 creatures vanquished.

Vanquished Creatures (others)
  A plant (D:2)
1 creature vanquished.

Grand Total: 104 creatures vanquished

Notes
Turn   | Place    | Note
-------+----------+-------------------------------------------
     0 | D:1      | tkbsonic5 the Human Berserker began the quest for the Orb.
     0 | D:1      | Reached XP level 1. HP: 18/18 MP: 1/1
    68 | D:1      | Reached XP level 2. HP: 9/24 MP: 2/2
   593 | D:1      | Reached XP level 3. HP: 29/29 MP: 3/3
  1097 | D:2      | Found a shattered altar of Ashenzari.
  1224 | D:2      | Reached ** piety under Trog
  1229 | D:2      | HP: 2/43 [orc/+0 flail (5)]
  1237 | D:2      | Reached skill level 1 in Stealth
  1237 | D:2      | Reached XP level 4. HP: 4/35 MP: 4/4
  1924 | D:3      | Noticed Ijyb
  1941 | D:3      | Killed Ijyb
  1941 | D:3      | Reached XP level 5. HP: 27/42 MP: 5/5
  2114 | D:3      | Reached skill level 4 in Fighting
  2126 | D:3      | Reached XP level 6. HP: 39/48 MP: 6/6
  2872 | D:3      | Reached *** piety under Trog
  2935 | D:3      | Reached skill level 1 in Maces & Flails
  3048 | D:4      | Noticed an ogre
  3057 | D:4      | Noticed an ogre
  3081 | D:4      | Killed an ogre
  3081 | D:4      | Reached XP level 7. HP: 45/55 MP: 7/7
  3104 | D:4      | Found a runed translucent gate.
  3105 | D:4      | Found a runed translucent gate.
  3106 | D:4      | Identified the +0 helmet "Wuko Yke" {Int+7}
  3106 | D:4      | Noticed Robin
  3159 | D:4      | Killed Robin
  3207 | D:4      | Gained mutation: Potions are less effective at restoring
                  | your health. [potion of mutation]
  3207 | D:4      | Gained mutation: Your mind is acute. (Int +2) [potion of
                  | mutation]
  3246 | D:4      | Found a runed translucent gate.
  3247 | D:4      | Found an opulent altar of Gozag.
  3247 | D:4      | Noticed tsbored's ghost (amateur GnAK)
  3267 | D:4      | Killed tsbored's ghost
  3267 | D:4      | Reached skill level 5 in Fighting
  3267 | D:4      | Reached skill level 1 in Evocations
  3267 | D:4      | Reached XP level 8. HP: 62/62 MP: 8/8
  3287 | D:4      | HP: 1/62 [bullfrog (7)]
  3288 | D:4      | Slain by a bullfrog

Illustrated notes

Levels and vault maps discovered:
D:1:      minmay_arrival_floating_metal, layout_loops_cross
D:2:      layout_loops_ring, lemuel_round_altar, serial_bayou_ford_a
D:3:      minmay_general_purpose_star, layout_basic, first_ration, uniq_ijyb
D:4:      layout_cave_pools, ebering_ghost_gozag, uniq_robin

Skill      XL: |  1  2  3  4  5  6  7 |
---------------+----------------------+-----
Stealth        | 1 2 |  2.7
Dodging        | 3 4 |  4.5
Fighting       | 4 5 |  5.2
Long Blades    | 4 |  4.2
Maces & Flails | 1 2 |  2.9
Evocations     | 1 |  1.3
Armour         | |  2.5

Action                   |  1- 3 |  4- 6 |  7- 9 || total
-------------------------+-------+-------+-------++-------
Melee: Falchion          |   107 |   135 |       ||   242
       Morningstar       |       |    58 |    80 ||   138
Throw: Dart              |       |     2 |     1 ||     3
Invok: Berserk           |     1 |     3 |     1 ||     5
       Trog's Hand       |       |     3 |     2 ||     5
Evoke: Wand              |       |       |     1 ||     1
  Use: Scroll            |     7 |     2 |     2 ||    11
       Potion            |       |     3 |     6 ||     9
 Stab: Sleeping          |       |     1 |       ||     1
  Eat: Chunk             |     1 |     9 |       ||    10
       Ration            |       |     1 |       ||     1
Armor: Animal skin       |    31 |    10 |       ||    41
       Ring mail         |       |    73 |    26 ||    99
       Skin              |       |       |    33 ||    33
Dodge: Dodged            |   100 |   179 |    57 ||   336
       Rpst.: Falchion   |    34 |    22 |       ||    56
